 Dungeon Sprint DCSS version 0.15-a0-2144-g51de978 (webtiles) character file.

1551 BluebellGnoll the Unseen (level 8, 0/36 HPs)
             Began as a Spriggan Enchanter on July 18, 2014.
             Was a High Priest of Sif Muna.
             Slain by a wandering mushroom (17 damage)
             ... in the Dungeon (Sprint IV: "Fedhas' Mad Dash").
             The game lasted 00:06:38 (396 turns).

BluebellGnoll the Unseen (Spriggan Enchanter)        Turns: 396, Time: 00:06:39

HP   0/36        AC  4     Str  4      XL: 8   Next: 57%
MP   3/28        EV 25     Int 18      God: Sif Muna [*****.]
Gold 135         SH  0     Dex 17      Spells:  6 memorised, 10 levels left

rFire  . . .     SeeInvis +     a - +1 dagger
rCold  . . .     Clarity  .     b - +1 robe
rNeg   . . .     rCorr    .     (shield restricted)
rPois  .         rRot     .     (helmet restricted)
rElec  .         Spirit   .     l - +0 cloak
SustAb .         Warding  .     (gloves unavailable)
rMut   .         NoTele   +     (boots unavailable)
Gourm  .                        (no amulet)
MR     +....                    (no ring)
                                i - ring of invisibility

@: confused, very quick, somewhat resistant to hostile enchantments, fairly
stealthy
A: unfitting armour, see invisible, herbivore 3, speed 3, slow metabolism 2
a: Channel Energy, Forget Spell, Renounce Religion, Evoke Invisibility


You were in the Dungeon.
You worshipped Sif Muna.
Sif Muna was extremely pleased with you.
You were not hungry.

You visited 1 branch You collected 135 gold pieces.

Inventory:

Hand weapons
 a - a +1 dagger (weapon)
Armour
 b - a +1 robe (worn)
 l - a +0 cloak (worn)
Magical devices
 n - a wand of draining (7) {unknown}
Comestibles
 k - 3 royal jellies
Scrolls
 j - a scroll of blinking
 m - a scroll of random uselessness {unknown}
Jewellery
 i - a ring of invisibility (left hand)
Potions
 d - a potion of porridge
 e - a potion of curing
 f - a potion of heal wounds
 g - a potion of haste
 h - 2 potions of magic
Books
 c - a book of Maledictions

   Spells                             Type                      Level
   *Corona                            Hexes                        1
   *Sure Blade                        Hexes/Charms                 2
   *Ensorcelled Hibernation           Hexes/Ice                    2
   *Confuse                           Hexes                        3
   *Dazzling Spray                    Conjuration/Hexes            3
   *Enslavement                       Hexes                        4


   Skills:
 - Level 9.7 Short Blades
 * Level 9.7 Dodging
 - Level 15.2 Stealth
 - Level 9.2 Spellcasting
 + Level 12.3 Hexes


You had 10 spell levels left.
You knew the following spells:

 Your Spells              Type           Power        Failure   Level  Hunger
a - Corona                Hex            ######.      1%          1    None
b - Ensorcelled Hibernat  Hex/Ice        ####..       1%          2    None
c - Confuse               Hex            ######..     1%          3    None
d - Sure Blade            Hex/Chrm       ####......   1%          2    None
e - Dazzling Spray        Conj/Hex       ####....     2%          3    None
f - Enslavement           Hex            ######..     1%          4    ###....


Dungeon Overview and Level Annotations

Branches:
Dungeon (1/1)

Altars:
Cheibriados
Dithmenos
Elyvilon
Gozag
Kikubaaqudgha
Makhleb
Nemelex Xobeh
Okawaru
Qazlal
Sif Muna
Trog
Vehumet
Xom
Yredelemnul
Zin
The Shining One
Beogh
Jiyva
Lugonu

Shops:
D (=


Innate Abilities, Weirdness & Mutations

You are tiny and cannot use many weapons and most armour.
You have supernaturally acute eyesight.
You are a herbivore.
You cover ground extremely quickly.
You need consume almost no food.


Message History

You hit the wandering mushroom but do no damage.
The wandering mushroom is almost destroyed.
Ouch! The wandering mushroom misses you.
You hit the wandering mushroom but do no damage.
The wandering mushroom is almost destroyed.
The wandering mushroom completely misses you.
You hit the wandering mushroom but do no damage.
The wandering mushroom is almost destroyed.
Ouch!
The wandering mushroom closely misses you.
The wandering mushroom misses you.
n - an encrusted ivory wand The wandering mushroom closely misses you.
The wandering mushroom barely misses you.
You now have 135 gold pieces (gained 10).
The wandering mushroom completely misses you.
The wandering mushroom barely misses you.
Ouch!
The wandering mushroom releases spores at you!
You die...

##################
...⌠.#..'[..#.%..#
._._.'..#[..#....+
_._._#..###'##..@#
._._.#.(##∩∩.'..f#
...⌠.#############
######


You could see a wandering mushroom.

Vanquished Creatures
  An oklob plant (D)
  A queen bee (D)
  A burning bush (D)
  A wandering mushroom (D)
  2 scorpions (D)
  4 killer bees (D)
  A worker ant (D)
  4 oklob saplings (D)
  A spriggan (D)
  A green rat (D)
  A rat (D)
18 creatures vanquished.

Vanquished Creatures (collateral kills)
  A spriggan (D)
1 creature vanquished.

Grand Total: 19 creatures vanquished

Notes
Turn   | Place    | Note
--------------------------------------------------------------
     0 | D        | BluebellGnoll, the Spriggan Enchanter, began the quest for the Orb.
     0 | D        | Reached XP level 1. HP: 9/9 MP: 4/4
    14 | D        | Reached skill level 8 in Stealth
    14 | D        | Reached XP level 2. HP: 13/13 MP: 7/7
    52 | D        | Learned a level 2 spell: Ensorcelled Hibernation
    52 | D        | Noticed an oklob sapling
    54 | D        | Killed an oklob sapling
    54 | D        | Reached skill level 10 in Stealth
    54 | D        | Reached XP level 3. HP: 14/16 MP: 9/9
    59 | D        | Learned a level 3 spell: Confuse
    60 | D        | Noticed a worker ant
    65 | D        | Killed a worker ant
    65 | D        | Reached skill level 12 in Stealth
    83 | D        | Found a snail-covered altar of Cheibriados.
    83 | D        | Found a glowing silver altar of Zin.
    83 | D        | Found a white marble altar of Elyvilon.
    83 | D        | Found a viscous altar of Jiyva.
    83 | D        | Found a radiant altar of Vehumet.
    83 | D        | Found a deep blue altar of Sif Muna.
    83 | D        | Found a burning altar of Makhleb.
    83 | D        | Found an ancient bone altar of Kikubaaqudgha.
    83 | D        | Found a bloodstained altar of Trog.
    83 | D        | Found a corrupted altar of Lugonu.
    83 | D        | Noticed an oklob sapling priest
    84 | D        | Found a glowing golden altar of the Shining One.
    85 | D        | Found a shadowy altar of Dithmenos.
    85 | D        | Found a sparkling altar of Nemelex Xobeh.
    86 | D        | Found an iron altar of Okawaru.
    87 | D        | Found an opulent altar of Gozag.
    87 | D        | Found a shimmering altar of Xom.
    88 | D        | Found a basalt altar of Yredelemnul.
    89 | D        | Found a stormy altar of Qazlal.
    89 | D        | Found a roughly hewn altar of Beogh.
    90 | D        | Killed an oklob sapling priest
    90 | D        | Reached skill level 14 in Stealth
    90 | D        | Reached XP level 4. HP: 19/21 MP: 4/12
    92 | D        | Became a worshipper of Sif Muna the Loreminder
    99 | D        | Noticed an oklob sapling
   102 | D        | Killed an oklob sapling
   102 | D        | Reached skill level 15 in Stealth
   102 | D        | Reached XP level 5. HP: 22/24 MP: 5/14
   111 | D        | Learned a level 2 spell: Sure Blade
   126 | D        | Noticed a queen bee
   127 | D        | Noticed a killer bee
   128 | D        | Noticed a killer bee
   130 | D        | Noticed a killer bee
   130 | D        | Noticed a killer bee
   134 | D        | Killed a killer bee
   134 | D        | Acquired Sif Muna's first power
   134 | D        | Reached skill level 5 in Hexes
   135 | D        | Killed a killer bee
   136 | D        | Killed a queen bee
   136 | D        | Acquired Sif Muna's second power
   136 | D        | Reached XP level 6. HP: 28/28 MP: 7/25
   138 | D        | Killed a killer bee
   138 | D        | Reached skill level 5 in Dodging
   139 | D        | Killed a killer bee
   139 | D        | Reached XP level 7. HP: 32/32 MP: 7/27
   143 | D        | Noticed an oklob plant
   146 | D        | Killed an oklob plant
   146 | D        | Reached XP level 8. HP: 36/36 MP: 9/28
   163 | D        | Learned a level 4 spell: Enslavement
   167 | D        | Learned a level 3 spell: Dazzling Spray
   190 | D        | Noticed an oklob sapling wizard
   193 | D        | Killed an oklob sapling wizard
   196 | D        | Noticed a scorpion
   204 | D        | Reached skill level 10 in Hexes
   322 | D        | Killed a scorpion
   322 | D        | Acquired Sif Muna's third power
   345 | D        | Found Oclagg's Jewellery Shop.
   345 | D        | Found Vowyuf's Weapon Emporium.
   354 | D        | Noticed a burning bush
   354 | D        | Noticed a wandering mushroom
   355 | D        | Noticed a scorpion
   355 | D        | Noticed a wandering mushroom
   358 | D        | Killed a burning bush
   359 | D        | Killed a wandering mushroom
   361 | D        | Killed a scorpion
   396 | D        | Slain by a wandering mushroom

Action                   |  1- 3 |  4- 6 |  7- 9 || total
-------------------------+-------+-------+-------++-------
Melee: Dagger            |    12 |     6 |    13 ||    31
 Cast: Confuse           |     2 |       |     1 ||     3
       Dazzling Spray    |       |       |     9 ||     9
       Ensorcelled Hiber |       |       |     4 ||     4
       Enslavement       |       |       |     1 ||     1
       Sure Blade        |       |       |     1 ||     1
Invok: Channel Energy    |       |       |     2 ||     2
 Abil: Evoke Invisibilit |     1 |     1 |       ||     2
  Use: Potion            |     1 |       |       ||     1
 Stab: Sleeping          |     2 |     6 |     6 ||    14
       Confused          |     1 |       |     1 ||     2
